 Dungeon Crawl Stone Soup version 0.19.1-1-g22dce08 (webtiles) character file.

36 Mefis the Magician (level 3, -1/20 HPs)
             Began as a Deep Elf Wizard on Jan 1, 2017.
             Slain by a worm (12 damage)
             ... on level 2 of the Dungeon.
             The game lasted 00:02:23 (1387 turns).

Mefis the Magician (Deep Elf Wizard)                Turns: 1387, Time: 00:02:24

Health: -1/20      AC:  2    Str:  4    XL:     3   Next: 19%
Magic:  0/11       EV: 13    Int: 23    God:
Gold:   54         SH:  0    Dex: 13    Spells: 5 memorised, 2 levels left

rFire  . . .     SeeInvis +     n - +0 short sword
rCold  . . .     Gourm    .     a - +0 robe
rNeg   . . .     Faith    .     (no shield)
rPois  .         Spirit   .     b - +0 hat
rElec  .         Reflect  .     (no cloak)
rCorr  .         Harm     .     (no gloves)
MR     .....                    (no boots)
Stlth  ++........               (no amulet)
                                (no ring)
                                q - ring of see invisible

@: no status effects
A: no striking features
a: no special abilities


You were on level 2 of the Dungeon.
You were not hungry.

You visited 1 branch of the dungeon, and saw 2 of its levels.

You collected 54 gold pieces.

Inventory:

Hand Weapons
 n - a +0 short sword (weapon)
Armour
 a - a +0 robe (worn)
 b - a +0 hat (worn)
Jewellery
 q - a ring of see invisible (left hand)
Scrolls
 f - a scroll of teleportation {unknown}
 g - a scroll of amnesia {unknown}
 h - a scroll of remove curse {unknown}
 i - 3 scrolls of identify {unknown}
 l - a scroll of magic mapping {unknown}
Potions
 e - a potion of might {unknown}
 k - a potion of haste {unknown}
 m - a potion of ambrosia {unknown}
 p - 2 potions of degeneration {unknown}
Books
 c - a book of Minor Magic

   Spells                             Type                      Level
   a - Magic Dart                     Conjuration                  1
   b - Blink                          Translocation                2
   c - Call Imp                       Summoning                    2
   d - Repel Missiles                 Charms/Air                   2
   e - Slow                           Hexes                        2
   f - Conjure Flame                  Conjuration/Fire             3
   g - Mephitic Cloud                 Conjuration/Poison/Air       3
Comestibles
 d - 2 bread rations
 j - a meat ration
 o - a fruit
 r - a royal jelly


   Skills:
 + Level 1.0 Fighting
 + Level 2.6 Dodging
 + Level 2.8 Stealth
 * Level 5.0 Spellcasting
 + Level 1.7 Conjurations
 - Level 1.1 Summonings
 - Level 1.1 Translocations
 + Level 0.0 Air Magic
 + Level 0.2 Poison Magic


You had 2 spell levels left.
You knew the following spells:

 Your Spells              Type           Power        Failure   Level  Hunger
a - Magic Dart            Conj           ##..         6%          1    None
b - Call Imp              Summ           ##......     12%         2    None
c - Blink                 Tloc           N/A          12%         2    None
d - Repel Missiles        Chrm/Air       #.....       17%         2    None
e - Mephitic Cloud        Conj/Pois/Air  #.......     24%         3    ##.....


Dungeon Overview and Level Annotations

Branches:
Dungeon (2/15)

Altars:


Message History

Your crimson imp hits the worm.
The worm barely misses you.
Casting: Call Imp
Confirm with . or Enter, or press ? or * to list all spells.
Aiming: Magic Dart
Press: ? - help, Shift-Dir - straight line, f/p - worm
Aim: a worm (heavily wounded)
The magic dart hits the worm.
The worm is heavily wounded.
Your crimson imp hits the worm.
Casting: Magic Dart
Confirm with . or Enter, or press ? or * to list all spells.
Aiming: Magic Dart
Press: ? - help, Shift-Dir - straight line, f/p - worm
Aim: a worm (heavily wounded)
The magic dart hits the worm.
The worm is severely wounded.
Your crimson imp barely misses the worm.
The worm bites you!
Ouch! That really hurt!
You die...

...# ######... ... #..#
.)....... ... #...###
#.....<.. .. .......
......... ..##.....#
######...# .#......# #
... .......# #.##
###....# ## #.## #.@....#
#.# ##.###w#....# ####
#.###....5....#.# .#.##
#.#.###.#.#...... ..#.##
#.####.#.##[#....#
.###.###.##..$...#.#.....
##.##.##.##.#.#.........#
............#.##$#.###..
....##...............


You could see a worm and a friendly crimson imp.

Vanquished Creatures
  2 adders (D:2)
  An ooze (D:2)
  A giant cockroach (D:1)
  2 hobgoblins (D:2)
  3 kobolds
  A quokka (D:2)
  2 bats
12 creatures vanquished.

Vanquished Creatures (collateral kills)
  A worm (D:2)
1 creature vanquished.

Grand Total: 13 creatures vanquished

Notes
Turn   | Place    | Note
-------+----------+-------------------------------------------
     0 | D:1      | Mefis the Deep Elf Wizard began the quest for the Orb.
     0 | D:1      | Reached XP level 1. HP: 10/10 MP: 7/7
   933 | D:2      | Reached XP level 2. HP: 16/16 MP: 3/9
   937 | D:2      | Learned a level 2 spell: Call Imp
   940 | D:2      | Learned a level 2 spell: Blink
   943 | D:2      | Learned a level 2 spell: Repel Missiles
  1064 | D:2      | Reached skill level 1 in Fighting
  1305 | D:2      | Reached skill level 5 in Spellcasting
  1305 | D:2      | Reached XP level 3. HP: 20/20 MP: 6/11
  1310 | D:2      | Learned a level 3 spell: Mephitic Cloud
  1387 | D:2      | Slain by a worm

Skill      XL: |  1  2 |
---------------+-------+-----
Fighting       | 1 |  1.0
Spellcasting   | 5 |  5.0
Dodging        | |  2.6
Stealth        | |  2.8
Conjurations   | |  1.7
Summonings     | |  1.1
Translocations | |  1.1
Poison Magic   | |  0.2

Action                   || total
-------------------------++-------
Melee: Short sword       ||    46
       Unarmed           ||     1
 Cast: Magic Dart        ||    54
       Call Imp          ||     3
  Eat: Chunk             ||     1
Dodge: Dodged            ||    12
